 Dungeon Crawl Stone Soup version 0.30.1-9-gdf580d7c3d (webtiles) character file.

Game seed: 16803306486983000043

730 tizbic2 the Gusty (level 7, -2/56 HPs)
             Began as a Black Draconian Air Elementalist on Sept 30, 2023.
             Slain by an ogre
             ... wielding a +0 giant club
              (25 damage)
             ... on level 5 of the Dungeon.
             The game lasted 00:15:06 (3813 turns).

tizbic2 the Gusty (DrAE)                            Turns: 3813, Time: 00:15:06

Health: -2/56      AC:  6    Str: 16    XL:     7   Next: 44%
Magic:  4/12       EV: 13    Int: 15    God:
Gold:   168        SH:  0    Dex: 12    Spells: 6/13 levels left

rFire   + + .        g - +2 mace (holy)
rCold   + . .        (no shield)
rNeg    . . .        (body armour unavailable)
rPois   .            (helmet restricted)
rElec   +            j - scarf {rC+ rF+}
rCorr   .            (no gloves)
SInv    +            (no boots)
Will    .....        (no amulet)
Stlth   +            k - +4 ring of slaying
HPRegen 0.29/turn    u - ring "Xutamot" {rF+ Str+6 Int-2 SInv}
MPRegen 0.13/turn

%: no passive effects
@: confused, hasted, very quick
A: breathe lightning, AC +6, unfitting armour, electricity resistance,
cold-blooded
a: Breathe Lightning


You were on level 5 of the Dungeon.
You visited 1 branch of the dungeon, and saw 5 of its levels.

You collected 168 gold pieces.

Inventory:

Hand Weapons
 g - a +2 mace of holy wrath (weapon)
Missiles
 f - a throwing net
 p - 45 stones
 r - 2 curare-tipped darts
Armour
 j - a scarf of resistance (worn)
Jewellery
 d - a ring of see invisible
 k - a +4 ring of slaying (left hand)
 u - the ring "Xutamot" (right hand) {rF+ Str+6 Int-2 SInv}
   (You found it on level 3 of the Dungeon)

   [ring of see invisible]

   Str:       It affects your strength (+6).
   Int:       It affects your intelligence (-2).
   rF:        It protects you from fire.
   SInv:      It lets you see invisible.
Scrolls
 e - a scroll of enchant weapon {unknown}
 s - 2 scrolls of teleportation {unknown}
 t - 4 scrolls of noise {unknown}
 v - a scroll of torment {unknown}
 w - a scroll of fog
Potions
 a - 2 potions of magic
 b - a potion of attraction
 c - 2 potions of haste
 h - a potion of flight {unknown}
 i - a potion of mutation
 l - a potion of degeneration {unknown}
 m - 4 potions of curing {unknown}
 n - a potion of cancellation
 q - a potion of might


   Skills:
 + Level 2.7 Fighting
 + Level 3.8 Dodging
 - Level 2.0 Stealth
 + Level 3.9 Spellcasting
 + Level 3.8 Conjurations
 * Level 5.9 Air Magic


You had 6 spell levels left.
You knew the following spells:

 Your Spells              Type           Power      Damage    Failure   Level
a - Shock                 Conj/Air       68%        1d7       2%          1
b - Static Discharge      Conj/Air       34%        2-4/arc   3%          2
c - Airstrike             Air            10%        2d(2-18)  16%         4

Your spell library contained the following spells:

 Spells                   Type           Power      Damage    Failure   Level
 Swiftness                Air            20%        N/A       4%          3


Dungeon Overview and Level Annotations

Branches:
Dungeon (5/15)             Temple (0/1) D:5

Altars:

Shops:
D:3 =


Innate Abilities, Weirdness & Mutations

You can breathe wild blasts of lightning.
Your glossy black scales are hard. (AC +6)
You cannot fit into any form of body armour.
You are resistant to electric shocks. (rElec)
You are cold-blooded and may be slowed by cold attacks.


Message History

Confirm with . or Enter, or press ? or * to list all spells.
Aiming: Shock (safe; 2% risk of failure)
Press: ? - help, Shift-Dir - straight line The zap misses the orc wizard.
The zap hits the orc.
The orc is almost dead.
The zap hits the orc.
You kill the orc!
The orc wizard casts a spell at you. The puff of flame hits you. You resist.
* * * LOW HITPOINT WARNING * * *
Casting: Shock (safe; 2% risk of failure)
Confirm with . or Enter, or press ? or * to list all spells.
You don't know that spell.
Okay, then.
Casting: Shock (safe; 2% risk of failure)
Confirm with . or Enter, or press ? or * to list all spells.
Aiming: Shock (safe; 2% risk of failure)
Press: ? - help, Shift-Dir - straight line The zap hits the orc wizard.
The orc wizard is almost dead.
The orc wizard casts a spell at you.
You are confused.
Unknown command.
You feel much better.
The orc wizard gestures at you while chanting.
You are more confused.
The ogre completely misses you.
You bump into the rock wall.
The orc wizard closely misses you. The ogre misses you.
You hit the orc wizard.
You kill the orc wizard!
The ogre completely misses you.
Items here: )) [[.
Found a stone staircase leading up.
You're too confused to move!
You bump into the rock wall.
The ogre closely misses you.
You have got your breath back.
It was a potion of haste.
You feel yourself speed up.
The ogre hits you with a +0 giant club!!
You die...

...# #.## #.###.#...
...# #..........#..#
....#.#.##.#..#####
..#.#....#..<.....##
.......>......##...##
.>..#....####)#.....###
.....#......)..O@.....#
..#...))...####.....#.#
...###.###†#####...##
##..##.#.....# ##.##
#......#.....# ##
..#.####.....# #.#
#)....# #.# #.....#
###.########## ...


You could see an ogre.

Vanquished Creatures
  A black bear (D:5)
  2 ogres
  A phantom (D:5)
  A jelly (D:3)
  2 orc priests (D:5)
  A gnoll bouda (D:4)
  An iguana (D:4)
  2 orc wizards (D:5)
  8 gnolls
  4 adders
  A white imp (D:5)
  A worm (D:3)
  2 dart slugs (D:1)
  9 orcs
  5 endoplasms
  5 giant cockroaches
  5 goblins
  12 hobgoblins
  3 jackals (D:1)
  4 quokkas
  3 ball pythons (D:1)
  6 bats
  3 kobolds (D:1)
  8 rats
  A butterfly (D:5)
91 creatures vanquished.

Notes
Turn   | Place    | Note
-------+----------+-------------------------------------------
     0 | D:1      | tizbic2 the Draconian Air Elementalist began the quest for
                  | the Orb.
     0 | D:1      | Reached XP level 1. HP: 14/14 MP: 3/3
   223 | D:1      | Reached XP level 2. HP: 20/20 MP: 1/5
   541 | D:1      | Reached XP level 3. HP: 25/26 MP: 3/6
   890 | D:2      | Found a faded altar of an unknown god.
  1077 | D:1      | Reached XP level 4. HP: 26/33 MP: 0/7
  1505 | D:3      | Found Icaluz's Jewellery Boutique.
  1550 | D:3      | Identified the ring "Xutamot" {rF+ Str+6 Int-2 SInv}
  1614 | D:3      | Learned a level 2 spell: Static Discharge
  1978 | D:3      | Reached XP level 5. HP: 36/38 MP: 1/9
  2334 | D:4      | Reached skill level 4 in Air Magic
  2739 | D:4      | Reached skill level 1 in Fighting
  2739 | D:4      | Reached XP level 6. HP: 27/47 MP: 0/10
  3469 | D:5      | Entered Level 5 of the Dungeon
  3500 | D:5      | Found a staircase to the Ecumenical Temple.
  3688 | D:5      | Your scales start taking on a glossy black colour.
  3688 | D:5      | Reached skill level 5 in Air Magic
  3688 | D:5      | Reached XP level 7. HP: 31/56 MP: 4/12
  3688 | D:5      | Gained mutation: You are resistant to electric shocks.
                  | (rElec) [Black Draconian growth]
  3788 | D:5      | Learned a level 4 spell: Airstrike
  3801 | D:5      | HP: 1/56 [orc wizard/puff of flame (3)]
  3813 | D:5      | Slain by an ogre

Illustrated notes

Levels and vault maps discovered:
D:1:      minmay_arrival_checkered_box, layout_basic
D:2:      layout_rooms, ebering_ecumenical_altar_hall
D:3:      layout_rooms, serial_shops, nicolae_shop_tiny_glass, minivault_4,
          minmay_close_crescents
D:4:      layout_layer_cave
D:5:      layout_loops_cross, minmay_temple_entry_butterflies

Skill      XL: |  1  2  3  4  5  6 |
---------------+-------------------+-----
Stealth        | 2 |  2.0
Dodging        | 2 3 |  3.8
Conjurations   | 2 3 |  3.8
Spellcasting   | 3 |  3.9
Air Magic      | 4 5 |  5.9
Fighting       | 1 2 |  2.7

Action                     |  1- 3 |  4- 6 |  7- 9 || total
---------------------------+-------+-------+-------++-------
  Melee: Unarmed           |    33 |       |       ||    33
         Tailslap          |     8 |    10 |     1 ||    19
         Dagger            |    41 |     6 |       ||    47
         Punch             |     1 |       |       ||     1
         Hand axe          |       |    38 |       ||    38
         Mace              |       |    26 |     5 ||    31
   Cast: Shock             |    37 |    55 |     7 ||    99
         Static Discharge  |       |    21 |     4 ||    25
Ability: Breathe Lightning |       |       |     2 ||     2
    Use: Scroll            |       |     5 |       ||     5
         Potion            |       |     1 |     2 ||     3
   Stab: Sleeping          |     2 |     1 |       ||     3
         Distracted        |     1 |       |       ||     1
 Armour: Skin              |    25 |    27 |     4 ||    56
  Dodge: Dodged            |    64 |    55 |     9 ||   128
